 Dungeon Sprint DCSS version 0.29-a0-700-g2f1814c7b2 (webtiles) character file.

Game seed: 17893362909301867670

22873 mhtbhm the Imperceptible (level 12, -9/60 HPs)
             Began as a Spriggan Enchanter on June 25, 2022.
             Was the Champion of Dithmenos.
             Killed from afar by a frost giant (69 damage)
             ... with a bolt of cold
             ... in the Dungeon (Sprint IX: "|||||||||||||||||||||||||||||").
             The game lasted 00:14:48 (4816 turns).

mhtbhm the Imperceptible (Spriggan Enchanter)       Turns: 4816, Time: 00:14:49

Health: -9/60      AC:  5    Str:  4    XL:     12   Next: 66%
Magic:  29/33      EV: 30    Int: 17    God:    Dithmenos [******]
Gold:   51         SH:  0    Dex: 31    Spells: 8/43 levels left

rFire   . . .      SeeInvis +   a - +7 captain's cutlass {speed, disarm}
rCold   x . .      Faith    .   (no shield)
rNeg    + + +      Spirit   .   b - +0 robe
rPois   .          Reflect  .   (helmet restricted)
rElec   .          Harm     .   k - +0 cloak
rCorr   .          Rampage  .   (gloves unavailable)
Will    ++...      NoTele   +   (boots unavailable) Stlth *********+
                                w - amulet of Fedhas's Generosity {rC- rN+++ Regen+ Dex+5 SInv}
HPRegen 1.00/turn               l - +2 ring of protection
MPRegen 0.23/turn               x - +6 ring of dexterity

@: wreathed by umbra, very quick
A: very small, no large weapons, unfitting armour, see invisible, speed 3
a: Renounce Religion, Shadow Step, Shadow Form


You were in the Dungeon.
You worshipped Dithmenos.
Dithmenos was exalted by your worship.
You visited 1 branch You collected 1920 gold pieces.
You spent 1869 gold pieces at shops.

Inventory:

Hand Weapons
 a - the +7 captain's cutlass (weapon) {speed, disarm}
   (You found it in the Dungeon)

   Attacks with this weapon are significantly faster.
   It may disarm weapon-wielding foes when striking them, dealing extra damage
   in the process.
Missiles
 s - 2 curare-tipped darts (quivered)
 u - 3 throwing nets
Armour
 b - a +0 robe (worn)
 k - a +0 cloak (worn)
Jewellery
 l - a +2 ring of protection (left hand)
 w - the amulet of Fedhas's Generosity (around neck) {rC- rN+++ Regen+ Dex+5 SInv}
   (You bought it in a shop in the Dungeon)

   [amulet of regeneration]

   Dex:       It affects your dexterity (+5).
   rC:        It makes you vulnerable to cold.
   rN:        It renders you almost immune to negative energy.
   SInv:      It lets you see invisible.
   Regen:     It increases your rate of health regeneration.
 x - a +6 ring of dexterity (right hand)
 y - a ring of willpower
 z - a ring of poison resistance
 A - a ring of ice
Wands
 j - a wand of iceblast (19)
Scrolls
 h - 3 scrolls of amnesia
 i - 5 scrolls of blinking
 p - 3 scrolls of fog
 q - 4 scrolls of enchant armour
 r - a scroll of identify
Potions
 c - 3 potions of invisibility
 d - 7 potions of curing
 e - 5 potions of heal wounds
 f - 4 potions of haste
 g - 4 potions of magic
 n - a potion of mutation
 o - a potion of ambrosia
 t - a potion of lignification {unknown}
 v - a potion of brilliance {unknown}
 B - 2 potions of resistance


   Skills:
 + Level 5.4 Fighting
 + Level 12.2 Short Blades
 + Level 9.8 Dodging
 + Level 24.1 Stealth
 + Level 16.2 Spellcasting
 + Level 1.0 Conjurations
 + Level 16.9 Hexes
 + Level 8.3 Ice Magic
 * Level 14.3 Invocations


You had 8 spell levels left.
You knew the following spells:

 Your Spells              Type           Power      Damage    Failure   Level
a - Confusing Touch       Hex            63%        N/A       0%          3
b - Tukima's Dance        Hex            63%        N/A       0%          3
c - Ensorcelled Hibernat  Hex/Ice        100%       N/A       1%          2
d - Dazzling Flash        Conj/Hex       88%        N/A       1%          3
e - Anguish               Hex/Necr       21%        N/A       1%          4
f - Enfeeble              Hex            31%        N/A       3%          7
g - Mephitic Cloud        Conj/Pois/Air  15%        N/A       12%         3
h - Ozocubu's Armour      Ice            42%        N/A       1%          3
i - Blink                 Tloc           26%        N/A       7%          2
j - Manifold Assault      Tloc           13%        N/A       77%         5

Your spell library contained the following spells:

 Spells                   Type           Power      Damage    Failure   Level
 Magic Dart               Conj           68%        1d6       3%          1
 Apportation              Tloc           26%        N/A       4%          1
 Necrotize                Necr           52%        1d6       4%          1
 Summon Small Mammal      Summ           52%        N/A       4%          1
 Call Imp                 Summ           13%        N/A       7%          2
 Ozocubu's Refrigeration  Ice            21%        4d9       77%         7
 Storm Form               Tmut/Air       6%         N/A       100%        7


Dungeon Overview and Level Annotations

Branches:
Dungeon (1/1)

Altars:
Cheibriados
Dithmenos
Elyvilon
Fedhas
Gozag
Hepliaklqana
Kikubaaqudgha
Makhleb
Nemelex Xobeh
Okawaru
Qazlal
Ru
Sif Muna
Trog
Uskayaw
Vehumet
Wu Jian
Xom
Yredelemnul
Zin
The Shining One
Beogh
Jiyva
Lugonu

Shops:
D =(::


Innate Abilities, Weirdness & Mutations

You are very small and have problems with some larger weapons.
You are too small for most types of armour.
You have supernaturally acute eyesight. (SInv)
You cover ground extremely quickly. (Speed+++)


Message History

Unknown command.
Casting: Dazzling Flash (safe; 1% risk of failure)
Confirm with . or Enter, or press ? or * to list all spells.
Aiming: Ensorcelled Hibernation (safe; 1% risk of failure)
Press: ? - help, Shift-Dir - straight line, f - ettin
Aim: an ettin, wielding a +1 vorpal dire flail and a +0 dire flail (wandering, hasn't noticed you, umbra, chance to affect: 54%)
The ettin shouts in stereo!
The ettin looks drowsy...
Your shadow mimicks your spell!
The ettin is unaffected.
You hear a shout!
You see here a +1 demon blade of draining.
You see here a +1 longbow.
You see here a +3 quick blade.
You see here a +3 quick blade.
You see here a +1 glaive of venom.
You see here a +1 glaive.
Press: ? - help, v - describe, . - travel, g - get item
Here: a frost giant, wielding a +1 battleaxe of freezing (umbra) Item here: a +3 dire flail.
The floor.
Unknown command.
Casting: Ensorcelled Hibernation (safe; 1% risk of failure)
Confirm with . or Enter, or press ? or * to list all spells.
You can't see any susceptible monsters within range! (Use Z to cast anyway.) Unknown command.
Casting: Ensorcelled Hibernation (safe; 1% risk of failure)
Confirm with . or Enter, or press ? or * to list all spells.
Okay, then.
Casting: Ensorcelled Hibernation (safe; 1% risk of failure)
Confirm with . or Enter, or press ? or * to list all spells.
Casting: Dazzling Flash (safe; 1% risk of failure)
Press: ? - help, Dir - look around, f - activate The ettin is dazzled.
The frost giant is dazzled.
The ettin shouts in stereo!
The frost giant gestures at the ettin while chanting.
The bolt of cold hits the ettin!!!
The bolt of cold hits you!!!
You feel a terrible chill!
Ouch! That really hurt!
You die...

▓▓▓▓▓▓▓▓▓▓▓▓▓▓▓▓▓▓▓▓▓▓▓▓▓▓▓▓▓▓▓▓▓
.....'.....)))))@CC.[[[[[[[[.....
▓▓▓▓▓▓▓▓▓▓▓▓▓▓▓▓▓▓▓▓▓▓▓▓▓▓▓▓▓▓▓▓▓
.................................
▓▓▓▓▓▓▓▓▓▓▓▓▓▓▓▓▓▓▓▓▓▓▓▓▓▓▓▓▓▓▓▓▓
[....[...)).))))).)....).))))).).
▓▓▓▓▓▓▓▓▓▓▓▓▓▓▓▓▓▓▓▓▓▓▓▓▓▓▓▓▓▓▓▓▓
...).................)...........
▓▓▓▓▓▓▓▓▓▓▓▓▓▓▓▓▓▓▓▓▓▓▓▓▓▓▓▓▓▓▓▓▓
..÷'÷....†).....†'.....†...'.....


You could see a frost giant (blind) and an ettin (wandering, blind).

Vanquished Creatures
  Josephine (D)
  A rakshasa (D)
  Harold (D)
  4 hydras (D)
  5 ogre magi (D)
  A boulder beetle (D)
  2 centaur warriors (D)
  Urug (D)
  Sonja (D)
  4 deep trolls (D)
  An orc knight (D)
  An ugly thing (D)
  An orc sorcerer (D)
  2 manticores (D)
  2 black mambas (D)
  A torpor snail (D)
  Psyche (D)
  A kobold demonologist (D)
  A cane toad (D)
  3 komodo dragons (D)
  6 polar bears (D)
  5 trolls (D)
  A raiju (shapeshifter) (D)
  2 yaks (D)
  Eustachio (D)
  A yak (shapeshifter) (D)
  5 wraiths (D)
  2 vampire mosquitoes (D)
  3 water moccasins (D)
  11 orc warriors (D)
  3 black bears (D)
  A necrophage (D)
  3 bullfrogs (D)
  A scorpion (D)
  A killer bee (D)
  A hound (D)
  6 orc priests (D)
  4 orc wizards (D)
  2 iguanas (D)
  A hell rat (D)
  4 orcs (D)
  A bat (D)
  A goblin (D)
  A hobgoblin (D)
  A frilled lizard (D)
  A rat (D)
104 creatures vanquished.

Notes
Turn   | Place    | Note
-------+----------+-------------------------------------------
     0 | D        | mhtbhm the Spriggan Enchanter began the quest for the Orb.
     0 | D        | Reached XP level 1. HP: 9/9 MP: 5/5
    13 | D        | Reached skill level 5 in Stealth
   124 | D        | Noticed a scorpion
   124 | D        | Noticed a hound
   124 | D        | Noticed an iguana
   124 | D        | Noticed an iguana
   124 | D        | Noticed a necrophage
   126 | D        | Killed a scorpion
   127 | D        | Reached skill level 8 in Stealth
   127 | D        | Reached XP level 2. HP: 13/13 MP: 6/8
   127 | D        | Reached XP level 3. HP: 16/16 MP: 6/9
   133 | D        | Reached XP level 4. HP: 21/21 MP: 6/11
   136 | D        | Reached skill level 9 in Stealth
   142 | D        | Reached skill level 5 in Dodging
   142 | D        | Reached skill level 5 in Spellcasting
   142 | D        | Reached XP level 5. HP: 24/25 MP: 7/13
   153 | D        | Reached skill level 1 in Fighting
   153 | D        | Reached skill level 10 in Stealth
   333 | D        | Learned a level 3 spell: Confusing Touch
   337 | D        | Learned a level 3 spell: Tukima's Dance
   340 | D        | Learned a level 2 spell: Ensorcelled Hibernation
   344 | D        | Learned a level 3 spell: Dazzling Flash
   346 | D        | Found a snail-covered altar of Cheibriados.
   346 | D        | Found a shadowy altar of Dithmenos.
   346 | D        | Found a white marble altar of Elyvilon.
   346 | D        | Found a blossoming altar of Fedhas.
   346 | D        | Found an opulent altar of Gozag.
   347 | D        | Found a hazy altar of Hepliaklqana.
   348 | D        | Found a viscous altar of Jiyva.
   349 | D        | Found an ancient bone altar of Kikubaaqudgha.
   350 | D        | Found a corrupted altar of Lugonu.
   351 | D        | Found a burning altar of Makhleb.
   352 | D        | Found a sparkling altar of Nemelex Xobeh.
   355 | D        | Became a worshipper of Dithmenos the Shadowed
   358 | D        | Found an iron altar of Okawaru.
   359 | D        | Found a stormy altar of Qazlal.
   360 | D        | Found a sacrificial altar of Ru.
   361 | D        | Found a shimmering blue altar of Sif Muna.
   362 | D        | Found a bloodstained altar of Trog.
   363 | D        | Found a hide-covered altar of Uskayaw.
   364 | D        | Found a radiant altar of Vehumet.
   365 | D        | Found an ornate altar of the Wu Jian Council.
   366 | D        | Found a shimmering altar of Xom.
   367 | D        | Found a basalt altar of Yredelemnul.
   368 | D        | Found a glowing silver altar of Zin.
   369 | D        | Found a glowing golden altar of the Shining One.
   377 | D        | Found the +7 captain's cutlass {speed, disarm}
   404 | D        | Noticed a wraith
   404 | D        | Noticed a kobold demonologist
   404 | D        | Noticed a yak
   404 | D        | Noticed an orc warrior
   428 | D        | Killed a wraith
   429 | D        | Reached skill level 5 in Short Blades
   429 | D        | Reached skill level 11 in Stealth
   429 | D        | Reached XP level 6. HP: 16/30 MP: 11/15
   433 | D        | Killed a kobold demonologist
   434 | D        | Reached skill level 12 in Stealth
   434 | D        | Reached skill level 10 in Hexes
   434 | D        | Reached XP level 7. HP: 19/35 MP: 7/17
   697 | D        | Reached * piety under Dithmenos
   703 | D        | Killed a yak
   704 | D        | Reached skill level 13 in Stealth
   704 | D        | Reached skill level 1 in Ice Magic
   704 | D        | Reached skill level 5 in Invocations
   709 | D        | Reached ** piety under Dithmenos
   840 | D        | Noticed a boulder beetle
   840 | D        | Noticed a komodo dragon
   840 | D        | Noticed a vampire mosquito
   840 | D        | Noticed a wraith
   840 | D        | Noticed a troll
   840 | D        | Noticed a manticore
   851 | D        | Killed a boulder beetle
   852 | D        | Reached skill level 14 in Stealth
   852 | D        | Reached XP level 8. HP: 40/40 MP: 14/21
   899 | D        | Killed a komodo dragon
   900 | D        | Reached skill level 15 in Stealth
   903 | D        | HP: 2/40 [vampire mosquito (9)]
  1075 | D        | Reached *** piety under Dithmenos
  1076 | D        | Reached XP level 9. HP: 41/44 MP: 18/22
  1115 | D        | Killed a troll
  1238 | D        | Killed a manticore
  1239 | D        | Reached skill level 16 in Stealth
  1609 | D        | Noticed an eight-headed hydra
  1631 | D        | Reached **** piety under Dithmenos
  1632 | D        | Reached skill level 10 in Spellcasting
  1738 | D        | Killed an eight-headed hydra
  1855 | D        | Noticed a black mamba
  1864 | D        | Killed a black mamba
  1864 | D        | Reached ***** piety under Dithmenos
  1865 | D        | Reached skill level 5 in Ice Magic
  1865 | D        | Reached XP level 10. HP: 39/49 MP: 13/26
  2011 | D        | Noticed a seven-headed hydra
  2011 | D        | Noticed an eight-headed hydra
  2011 | D        | Noticed a cane toad
  2012 | D        | Noticed a black mamba
  2024 | D        | Killed a seven-headed hydra
  2025 | D        | Reached skill level 10 in Short Blades
  2036 | D        | Killed an eight-headed hydra
  2037 | D        | Reached skill level 17 in Stealth
  2037 | D        | Reached skill level 10 in Invocations
  2047 | D        | Killed a cane toad
  2049 | D        | Killed a black mamba
  2049 | D        | Reached ****** piety under Dithmenos
  2121 | D        | Noticed a torpor snail
  2128 | D        | Killed a torpor snail
  2299 | D        | Reached skill level 18 in Stealth
  2316 | D        | Reached XP level 11. HP: 36/53 MP: 18/29
  2732 | D        | Noticed Eustachio
  2737 | D        | Noticed Sonja
  2739 | D        | Killed Eustachio
  2745 | D        | Killed Sonja
  2988 | D        | Noticed Harold
  2992 | D        | Noticed Josephine
  2995 | D        | Killed Harold
  2996 | D        | Reached skill level 19 in Stealth
  3098 | D        | Killed Josephine
  3099 | D        | Reached skill level 1 in Conjurations
  3099 | D        | Reached skill level 15 in Hexes
  3214 | D        | Noticed Urug
  3221 | D        | Killed Urug
  3295 | D        | Reached skill level 20 in Stealth
  3460 | D        | Noticed an orc sorcerer
  3460 | D        | Noticed an orc knight
  3467 | D        | Killed an orc sorcerer
  3469 | D        | Killed an orc knight
  3608 | D        | Found Dyplaf's Jewellery Emporium.
  3608 | D        | Noticed an ogre mage
  3608 | D        | Noticed a deep troll
  3608 | D        | Noticed an ogre mage
  3609 | D        | Noticed a deep troll
  3610 | D        | Killed an ogre mage
  3611 | D        | Reached skill level 21 in Stealth
  3649 | D        | Killed an ogre mage
  3745 | D        | Killed a deep troll
  3746 | D        | Reached skill level 5 in Fighting
  3900 | D        | Noticed an ogre mage
  3901 | D        | Killed a deep troll
  3902 | D        | Reached skill level 15 in Spellcasting
  3902 | D        | Reached XP level 12. HP: 41/60 MP: 28/32
  3910 | D        | Killed an ogre mage
  3948 | D        | Reached skill level 22 in Stealth
  4024 | D        | Found Gyneg's Antique Weapon Shoppe.
  4027 | D        | Found Dedghoi's Book Emporium.
  4029 | D        | Found Aleaply's Book Shoppe.
  4035 | D        | Noticed an ogre mage
  4113 | D        | Noticed an ogre mage
  4114 | D        | Killed an ogre mage
  4406 | D        | Killed an ogre mage
  4438 | D        | Bought a book of Maledictions for 260 gold pieces
  4447 | D        | Learned a level 4 spell: Anguish
  4455 | D        | Learned a level 7 spell: Enfeeble
  4459 | D        | Bought the amulet of Fedhas's Generosity {rC- rN+++ Regen+
                  | Dex+5 SInv} for 657 gold pieces
  4485 | D        | Bought a book of Minor Magic for 252 gold pieces
  4491 | D        | Bought Ozocubu's Autobiography for 240 gold pieces
  4495 | D        | Learned a level 3 spell: Mephitic Cloud
  4499 | D        | Bought an Inescapable Atlas for 340 gold pieces
  4503 | D        | Bought a book of Cantrips for 120 gold pieces
  4507 | D        | Learned a level 3 spell: Ozocubu's Armour
  4510 | D        | Learned a level 2 spell: Blink
  4516 | D        | Learned a level 5 spell: Manifold Assault
  4547 | D        | Noticed Psyche
  4554 | D        | Killed Psyche
  4661 | D        | Noticed a centaur warrior
  4661 | D        | Noticed a seven-headed hydra
  4662 | D        | Noticed a centaur warrior
  4664 | D        | Reached skill level 23 in Stealth
  4665 | D        | Killed a centaur warrior
  4667 | D        | Noticed a rakshasa
  4674 | D        | Killed a seven-headed hydra
  4675 | D        | Noticed an ettin
  4682 | D        | Noticed a frost giant
  4683 | D        | Killed a centaur warrior
  4688 | D        | Killed a rakshasa
  4689 | D        | Reached skill level 24 in Stealth
  4816 | D        | Killed from afar by a frost giant

Illustrated notes

Levels and vault maps discovered:
D:        linesprint [early_d, line_temple, items_1, d_10, items_2, lair_1,
          lair_end, items_3, orc_1, orc_end, items_4, d_15, swamp_1, shoals_1,
          snake_1, spider_1, d_20, vaults_1, items_5, swamp_end, shoals_end,
          snake_end, spider_end, vaults_end, d_27, items_6, zot_1, zot_end,
          crypt_end, forest_end, elf_end, slime_end, tomb_end, abyss_end,
          pan_hell_end]

Skill      XL: |  1  2  3  4  5  6  7  8  9 10 11 12 |
---------------+-------------------------------------+-----
Hexes          | 6 7 8 9 10 11 12 14 16 | 16.9
Stealth        | 8 9 11 12 14 15 16 18 21 24 | 24.1
Spellcasting   | 4 5 6 8 11 13 15 16 | 16.2
Dodging        | 4 5 6 7 9 |  9.8
Short Blades   | 2 3 5 7 8 9 10 11 12 | 12.2
Fighting       | 1 2 3 4 5 |  5.4
Invocations    | 2 4 6 7 9 11 13 14 | 14.3
Ice Magic      | 2 3 5 6 7 8 |  8.3
Conjurations   | 1 |  1.0

Action                   |  1- 3 |  4- 6 |  7- 9 | 10-12 || total
-------------------------+-------+-------+-------+-------++-------
Melee: Dagger            |    20 |    18 |       |       ||    38
       Cutlass           |       |    16 |    32 |   151 ||   199
       Punch             |       |       |       |     3 ||     3
Throw: Dart              |       |       |       |     1 ||     1
 Cast: Confusing Touch   |       |     3 |     5 |    16 ||    24
       Ensorcelled Hiber |       |     1 |    38 |    57 ||    96
       Dazzling Flash    |       |       |       |    12 ||    12
Invok: Shadow Step       |       |       |       |     2 ||     2
  Use: Potion            |     1 |     1 |     1 |       ||     3
 Stab: Sleeping          |     1 |     1 |    11 |    47 ||    60
       Confused          |       |     2 |     3 |    12 ||    17
       Invisible         |       |       |       |     7 ||     7
       Distracted        |       |       |       |     1 ||     1
Armor: Robe              |     3 |     3 |     2 |    11 ||    19
Dodge: Dodged            |    13 |    15 |    16 |    76 ||   120

Table legend: (Time is in decaauts)
 A = Elapsed time spent in this place.
 B = Non-inter-level travel time spent in this place.
 C = Inter-level travel time spent in this place.
 D = Time resting spent in this place.
 E = Time spent auto-exploring this place.
 F = Levels seen in this place.
 G = Mean time per level.
                   A        B        C        D        E       F      G
               +--------+--------+--------+--------+--------+-----+--------+
         Total |   4221 |   4221 |      0 |   2110 |   1187 |   1 | 4221.0 |
       Dungeon |   4221 |   4221 |      0 |   2110 |   1187 |   1 | 4221.0 |
               +--------+--------+--------+--------+--------+-----+--------+

Top non-repeatable levels by time:
       D: 4221 daAuts
